 Dungeon Crawl Stone Soup version 0.18.1-8-gdd0e5ea (webtiles) character file.

118248 FloraKitsune the Unseen (level 17, 0/121 HPs)
             Began as a Halfling Assassin on June 5, 2016.
             Was the Champion of Okawaru.
             Slain by a wolf spider (5 damage)
             ... on level 2 of the Spider Nest on June 6, 2016.
             The game lasted 01:52:29 (47522 turns).

FloraKitsune the Unseen (Halfling Assassin)        Turns: 47522, Time: 01:52:30

Health: 0/121      AC:  9    Str: 24    XL:     17   Next: 31%
Magic:  17/17      EV: 32    Int: 10    God:    Okawaru [******]
Gold:   381        SH: 17    Dex: 25    Spells: 1 memorised, 14 levels left

rFire  + . .     SeeInvis +     h - +6 dagger (drain)
rCold  + . .     Gourm    .     c - +0 robe
rNeg   . . .     Faith    .     S - +3 buckler of Oblivion {Str+3}
rPois  +         Spirit   .     W - +2 hat {SInv}
rElec  .         Dismiss  .     d - +0 cloak
rCorr  .         Reflect  +     P - +2 pair of gloves {Dex+3}
SustAt .         Harm     .     M - +0 pair of boots of the Realms {rF- rC+ MR+ Str+4}
MR     +++..                    Z - amulet "Erazuew" {Reflect rF++ Str+5 SH+6}
Stlth  ++++++++..               i - ring of poison resistance
                                V - ring of protection from magic

@: lethally poisoned (0 -> -9), extremely resistant to hostile enchantments,
extraordinarily stealthy
A: mutation resistance 1, sense surroundings 1
a: Heroism, Finesse, Renounce Religion


You were on level 2 of the Spider Nest.
You worshipped Okawaru.
Okawaru was exalted by your worship.
You were not hungry.

You visited 5 branches of the dungeon, and saw 28 of its levels.
You visited 1 bazaar.
You also visited: Labyrinth and Ice Cave.

You collected 2370 gold pieces.
You spent 1989 gold pieces at shops.

Inventory:

Hand Weapons
 b - a +0 blowgun
 h - a +6 dagger of draining (weapon)
 m - a +1 rapier of electrocution
 R - a +4 quick blade of flaming
 Y - the +3 dagger of Juitsau {pierce, rElec rF+ MR+ Int-3}
   (You found it on level 7 of the Lair of Beasts)

   It inflicts extra damage upon your enemies.
   It affects your intelligence (-3).
   It protects you from fire.
   It insulates you from electricity.
   It affects your resistance to hostile enchantments.
Missiles
 e - 141 poisoned needles
 f - 14 tomahawks of returning
 p - 2 needles of sleeping
 w - 9 steel tomahawks
 y - 7 exploding tomahawks
 A - 6 needles of confusion
 G - 8 throwing nets
 J - 51 tomahawks (quivered)
 O - 9 curare-tipped needles
 Q - 15 poisoned tomahawks
Armour
 c - a +0 robe (worn)
 d - a +0 cloak (worn)
 M - the +0 pair of boots of the Realms (worn) {rF- rC+ MR+ Str+4}
   (You acquired it on level 12 of the Dungeon)

   It affects your strength (+4).
   It makes you vulnerable to fire.
   It protects you from cold.
   It affects your resistance to hostile enchantments.
 P - a +2 pair of gloves of dexterity (worn)
 S - the +3 buckler of Oblivion (worn) {Str+3}
   (Okawaru gifted it to you on level 3 of the Lair of Beasts)

   It affects your strength (+3).
 W - a +2 hat of see invisible (worn)
Jewellery
 i - a ring of poison resistance (right hand)
 V - a ring of protection from magic (left hand)
 Z - the amulet "Erazuew" (around neck) {Reflect rF++ Str+5 SH+6}
   (You bought it in a shop on level 2 of the Orcish Mines)

   [amulet of reflection]

   It shields you and reflects attacks.
   It affects your strength (+5).
   It greatly protects you from fire.
   It affects your SH (+6).
Wands
 T - a wand of digging (11/24)
Scrolls
 a - a scroll of magic mapping
 j - 7 scrolls of enchant weapon
 n - 3 scrolls of fear
 o - 4 scrolls of teleportation
 t - 3 scrolls of fog
 z - 2 scrolls of enchant armour
 D - 11 scrolls of remove curse
 F - 5 scrolls of blinking
 K - 4 scrolls of identify
 L - a scroll of silence
 N - 2 scrolls of recharging
Potions
 l - a potion of curing
 r - a potion of haste
 s - a potion of magic
 u - a potion of cancellation
 x - a potion of resistance
 C - 2 potions of flight
 I - 3 potions of agility
 U - a potion of cure mutation
Comestibles
 g - 11 bread rations
 k - a slice of pizza
 q - 13 royal jellies
 v - 4 chunks of flesh
 B - 11 meat rations
 E - 16 fruits
 H - 20 beef jerkies


   Skills:
 - Level 12.5 Fighting
 + Level 14.1 Short Blades
 - Level 13.5 Throwing
 + Level 15.3 Dodging
 + Level 16.5 Stealth
 - Level 5.7 Shields


You had 14 spell levels left.
You knew the following spells:

 Your Spells              Type           Power        Failure   Level  Hunger
a - Repel Missiles        Chrm/Air       #.....       61%         2    ###....


Dungeon Overview and Level Annotations

Branches:
Dungeon (15/15)            Temple (1/1) D:6            Lair (8/8) D:9
 Shoals (0/4) Lair:5       Spider (2/4) Lair:6        Slime (0/6) Lair:7
    Orc (2/2) D:10            Elf (0/3) Orc:2        Vaults (0/5) D:14
 Depths (0/5) D:15

Altars:
Ashenzari
Cheibriados
Dithmenos
Elyvilon
Fedhas
Gozag
Kikubaaqudgha
Makhleb
Nemelex Xobeh
Okawaru
Pakellas
Qazlal
Ru
Sif Muna
Trog
Vehumet
Xom
Yredelemnul
Zin
The Shining One

Shops:
D:5 !   D:14 :*   D:15 }   Orc:1 %=   Orc:2 *!?=

Annotations:
D:7 ThereIsNoGod's ghost, novice GrFi
D:12 Azrael


Innate Abilities, Weirdness & Mutations

You are small and have problems with some larger weapons.
You are somewhat resistant to further mutation.
You passively map a small area around you.


Message History

The wolf spider completely misses you. You block the worker ant's attack.
Unknown command.
You hit the jumping spider. You drain the jumping spider!
The jumping spider is almost dead.
You feel sick. You block the jumping spider's attack.
The jumping spider completely misses you.
The wolf spider hits you.
* * * LOW HITPOINT WARNING * * *
The wolf spider bites you.
* * * LOW HITPOINT WARNING * * *
You block the worker ant's attack.
You completely miss the jumping spider.
The jumping spider is almost dead.
You feel sick. You block the worker ant's attack.
You block the jumping spider's attack.
The jumping spider bites you but does no damage.
The wolf spider hits you!!
* * * LOW HITPOINT WARNING * * *
The wolf spider bites you.
You die...

, , #..# #≈ ..# * .. , *#
###..# ####≈# #...###.
#.##.#...#####≈##.#*....#.
. *,, ........$#≈#..≈#..#
###...##
#######...#....#..#
........
##^.###..#..#,...###..
#....a#.>...###..%....
#≈..as#.....#.#####..#
####a@#####.....#....#
#..s# #.#..##.##(.## *
#.##...#...#≈..#..s## **
#. #...##..##..###... , .
##...##..#...#..#. .. ,
#......##..#≈#... ..
*#..###..##.#..##..#
.............##...#
..#....#...#.####>.


You could see a wolf spider, a jumping spider and 3 worker ants.

Vanquished Creatures
  Gastronok (Lair:3)
  Frances (D:12)
  Agnes (D:14)
  Louise (Spider:1)
  4 emperor scorpions
  Aizul (Spider:1)
  A minotaur (Lab)
  A fire dragon (Lair:8)
  An ettin (Orc:2)
  A yaktaur captain (D:15)
  Josephine (D:12)
  5 hydras
  An ice dragon (Lair:6)
  2 entropy weavers
  A rakshasa (D:15)
  Harold (D:10)
  A satyr (shapeshifter) (D:14)
  3 centaur warriors
  A death yak (IceCv)
  A catoblepas (Lair:6)
  2 dancing weapons (D:14)
  3 orc high priests (Orc:2)
  Urug (D:15)
  2 unseen horrors
  7 hill giants
  3 orb spiders (Spider:1)
  7 orc knights
  A deep elf mage (D:15)
  2 griffons
  9 wolf spiders
  5 orc sorcerers
  A hornet (Spider:1)
  3 cyclopes
  A wizard (D:15)
  An oklob plant (Lair:8)
  2 manticores
  3 ugly things (D:14)
  2 black mambas (Lair:5)
  2 centaur zombies
  2 gargoyles
  8 spiny frogs
  2 torpor snails (Spider:1)
  3 centaur skeletons
  12 komodo dragons
  6 rime drakes
  2 kobold demonologists
  2 demonic crawlers (Spider:2)
  A yaktaur (D:15)
  A queen bee (Lair:8)
  A freezing wraith (D:14)
  3 trolls
  A harpy zombie (D:14)
  2 jumping spiders
  20 polar bears
  A harpy skeleton (D:15)
  2 boulder beetles
  3 raiju (Lair:8)
  14 blink frogs
  A water elemental (D:12)
  A spriggan (Lair:7)
  14 tarantellas
  38 redbacks
  11 hippogriffs
  6 wraiths
  2 wyverns
  50 yaks
  A fire elemental (D:12)
  6 basilisks
  5 hungry ghosts
  Grum (D:8)
  14 vampire mosquitoes
  A mottled dragon (D:14)
  3 steam dragons (Lair:8)
  8 wargs
  2 soldier ants
  2 swamp drakes
  18 orc warriors
  10 hell hounds
  13 porcupines
  33 water moccasins
  An eye of draining (D:12)
  4 ice beasts
  15 black bears
  An eye of draining (shapeshifter) (D:14)
  4 phantoms
  3 wasps
  32 wolves
  4 sky beasts
  14 ogres
  12 centaurs
  22 crocodiles
  5 big kobolds
  13 giant frogs
  A gnoll sergeant (Orc:2)
  A wyvern skeleton (D:14)
  5 scorpions
  49 killer bees
  An electric eel (Spider:1)
  4 howler monkeys
  9 crimson imps
  A quasit (D:6)
  2 giant frog skeletons
  20 hounds
  A gnoll shaman (D:8)
  15 orc priests
  10 jellies
  22 orc wizards
  Crazy Yiuf (D:5)
  11 iguanas
  A hell rat (Lair:2)
  13 worker ants
  17 sheep
  2 hound zombies (D:6)
  A howler monkey zombie (D:5)
  3 worker ant zombies
  11 gnolls
  30 adders
  102 river rats
  3 shadow imps
  An adder skeleton (D:6)
  A worm (D:3)
  2 dart slugs
  3 giant geckos
  50 orcs
  3 ball pythons
  5 giant cockroaches
  4 goblins
  6 hobgoblins
  11 jackals
  26 kobolds
  6 quokkas
  6 bats
  A giant gecko skeleton (D:5)
  7 giant newts
  A quokka skeleton (D:9)
  9 rats
1021 creatures vanquished.

Vanquished Creatures (others)
  An orc warrior (Orc:1)
  An orc wizard (Orc:2)
  An iguana (Lair:8)
  An adder (D:12)
  3 orcs
  A kobold (D:12)
  30 fungi
  30 plants
68 creatures vanquished.

Grand Total: 1089 creatures vanquished

Notes
Turn   | Place    | Note
--------------------------------------------------------------
     0 | D:1      | FloraKitsune the Halfling Assassin began the quest for the Orb.
     0 | D:1      | Reached XP level 1. HP: 14/14 MP: 1/1
   216 | D:1      | Reached XP level 2. HP: 19/19 MP: 2/2
   986 | D:2      | Reached XP level 3. HP: 24/24 MP: 3/3
  1365 | D:2      | Found a sparkling altar of Nemelex Xobeh.
  1483 | D:2      | Reached XP level 4. HP: 29/29 MP: 4/4
  1771 | D:2      | Reached skill level 5 in Short Blades
  2450 | D:3      | Reached XP level 5. HP: 23/34 MP: 5/5
  2982 | D:3      | Found an ancient bone altar of Kikubaaqudgha.
  2984 | D:3      | Found a blossoming altar of Fedhas.
  3574 | D:4      | Reached XP level 6. HP: 34/39 MP: 6/6
  3611 | D:4      | Found a stormy altar of Qazlal.
  3833 | D:4      | Noticed an ogre
  3864 | D:4      | Killed an ogre
  4037 | D:4      | Reached skill level 5 in Throwing
  4113 | D:4      | Reached XP level 7. HP: 44/44 MP: 7/7
  4916 | D:5      | Entered Level 5 of the Dungeon
  4916 | D:5      | Found a burning altar of Makhleb.
  4916 | D:5      | Found a basalt altar of Yredelemnul.
  4918 | D:5      | Found an opulent altar of Gozag.
  4961 | D:5      | Found a deep blue altar of Sif Muna.
  5019 | D:5      | Found a basalt altar of Yredelemnul.
  5019 | D:5      | Found Millik's Distillery.
  5041 | D:4      | HP: 1/44 [gnoll/spear (8)]
  5617 | D:5      | Bought a potion of curing for 33 gold pieces
  5617 | D:5      | Bought a potion of lignification for 33 gold pieces
  5715 | D:5      | Found an oddly glowing altar of Pakellas.
  5716 | D:5      | Noticed a purple ugly thing
  5831 | D:5      | Reached XP level 8. HP: 41/49 MP: 8/8
  5842 | D:5      | Found a snail-covered altar of Cheibriados.
  5941 | D:5      | Noticed Crazy Yiuf
  5954 | D:5      | Killed Crazy Yiuf
  6737 | D:6      | Found a radiant altar of Vehumet.
  6746 | D:6      | Reached skill level 10 in Short Blades
  7417 | D:5      | Reached skill level 5 in Stealth
  8173 | D:6      | Found a staircase to the Ecumenical Temple.
  8207 | D:6      | Reached XP level 9. HP: 56/56 MP: 9/9
  8240 | Temple   | Entered the Ecumenical Temple
  8729 | D:7      | Reached skill level 6 in Stealth
  8916 | D:7      | Found a sacrificial altar of Ru.
  8967 | D:7      | Noticed ThereIsNoGod's ghost (novice GrFi)
  9036 | D:7      | Found an iron altar of Okawaru.
  9041 | D:7      | Became a worshipper of Warmaster Okawaru
  9206 | D:7      | Found an iron altar of Okawaru.
  9926 | D:6      | Reached skill level 7 in Stealth
 10056 | D:7      | Reached skill level 5 in Dodging
 10637 | D:8      | Reached skill level 1 in Shields
 10785 | D:8      | Reached * piety under Okawaru
 11129 | D:8      | Reached XP level 10. HP: 65/65 MP: 10/10
 11156 | D:8      | Noticed Grum
 11457 | D:7      | Reached skill level 5 in Fighting
 12030 | D:8      | Reached skill level 8 in Stealth
 12333 | D:8      | Killed Grum
 12333 | D:8      | Reached ** piety under Okawaru
 12699 | D:8      | Found a bloodstained altar of Trog.
 13486 | D:9      | HP: 2/68 [killer bee (5)]
 14083 | D:9      | Noticed a komodo dragon
 14112 | D:9      | Killed a komodo dragon
 14112 | D:9      | Reached *** piety under Okawaru
 14112 | D:9      | Reached skill level 9 in Stealth
 14363 | D:8      | Reached skill level 5 in Shields
 14619 | D:9      | Found a glowing silver altar of Zin.
 14696 | D:9      | Reached XP level 11. HP: 68/72 MP: 11/11
 15597 | D:9      | Reached **** piety under Okawaru
 15804 | D:9      | Found a staircase to the Lair.
 15936 | Lair:1   | Entered Level 1 of the Lair of Beasts
 15936 | Lair:1   | Found a shimmering altar of Xom.
 16029 | Lair:1   | Reached skill level 10 in Stealth
 16633 | Lair:1   | Reached ***** piety under Okawaru
 18652 | Lair:2   | Reached XP level 12. HP: 81/81 MP: 12/12
 19285 | Lair:3   | Received a gift from Okawaru
 19285 | Lair:3   | Reached skill level 11 in Stealth
 19985 | Lair:3   | Received a gift from Okawaru
 20124 | Lair:3   | Noticed a five-headed hydra
 20425 | Lair:3   | Killed a five-headed hydra
 20425 | Lair:3   | Received a gift from Okawaru
 20425 | Lair:3   | Reached skill level 12 in Stealth
 20434 | Lair:3   | Got a jewelled buckler {god gift}
 20539 | Lair:3   | Noticed Gastronok
 20583 | Lair:3   | Killed Gastronok
 20765 | Lair:3   | Noticed an eight-headed hydra
 20805 | Lair:3   | Killed an eight-headed hydra
 21104 | Lair:4   | Found a labyrinth entrance.
 21115 | Lab      | Entered a labyrinth
 21417 | Lab      | Noticed a minotaur
 21422 | Lab      | Killed a minotaur
 21426 | Lab      | Identified the +3 buckler of Oblivion {Str+3} (Okawaru gifted it to you on level 3 of the Lair of Beasts)
 21439 | Lab      | Identified a +8 rod of shadows (12/12) (You found it in a labyrinth)
 21756 | Lair:4   | Reached skill level 13 in Stealth
 21807 | Lair:4   | Reached ****** piety under Okawaru
 21807 | Lair:4   | Reached XP level 13. HP: 78/88 MP: 13/13
 23009 | Lair:5   | Found a staircase to the Shoals.
 23363 | Lair:5   | Reached skill level 10 in Dodging
 23971 | Lair:5   | Noticed a six-headed hydra
 23983 | Lair:5   | Killed a six-headed hydra
 24364 | Lair:6   | Found a frozen archway.
 24366 | Lair:6   | Noticed an ice dragon
 24417 | Lair:6   | Received a gift from Okawaru
 24471 | Lair:6   | Reached skill level 10 in Throwing
 24498 | Lair:6   | Killed an ice dragon
 24641 | IceCv    | Entered an ice cave
 25894 | Lair:6   | Reached XP level 14. HP: 64/98 MP: 14/14
 26514 | Lair:6   | Reached skill level 10 in Fighting
 26788 | Lair:6   | Found a hole to the Spider Nest.
 27075 | Lair:7   | Received a gift from Okawaru
 27293 | Lair:7   | Got an ichor-stained dagger
 27294 | Lair:7   | Identified the +3 dagger of Juitsau {pierce, rElec rF+ MR+ Int-3} (You found it on level 7 of the Lair of Beasts)
 27687 | Lair:7   | Received a gift from Okawaru
 27726 | Lair:7   | Found a staircase to the Slime Pits.
 28322 | Lair:8   | Entered Level 8 of the Lair of Beasts
 31027 | Lair:8   | Got a warped jade ring
 31111 | Lair:8   | Reached XP level 15. HP: 97/106 MP: 15/15
 31376 | Lair:8   | Identified the ring of Sukheg Wois {+Fly Dex+2 Slay+2 Stlth-} (You found it on level 8 of the Lair of Beasts)
 31659 | D:10     | Entered Level 10 of the Dungeon
 31659 | D:10     | Found a glowing silver altar of Zin.
 31660 | D:10     | Noticed Harold
 31692 | D:10     | Killed Harold
 31692 | D:10     | Received a gift from Okawaru
 31795 | D:10     | Found a staircase to the Orcish Mines.
 32351 | Orc:1    | Entered Level 1 of the Orcish Mines
 32352 | Orc:1    | Found Zyjoem's Food Boutique.
 32418 | Orc:2    | Entered Level 2 of the Orcish Mines
 32592 | Orc:2    | Found a staircase to the Elven Halls.
 32953 | Orc:2    | Found a flickering gateway to a bazaar.
 32962 | Bazaar   | Entered a bazaar
 32962 | Bazaar   | Found Etosin's Weapon Emporium.
 32973 | Bazaar   | Found Fesifream's Food Shoppe.
 32975 | Bazaar   | Found Qeobbuim's Magic Scroll Shoppe.
 33002 | Bazaar   | Found Rissapraxt's Food Shop.
 33013 | Bazaar   | Found Vaycs's Jewellery Boutique.
 33058 | Bazaar   | Bought a scroll of identify for 24 gold pieces
 33058 | Bazaar   | Bought a scroll of random uselessness for 12 gold pieces
 33058 | Bazaar   | Bought a scroll of teleportation for 36 gold pieces
 33058 | Bazaar   | Bought a scroll of enchant weapon for 90 gold pieces
 33059 | Bazaar   | Bought a scroll of identify for 24 gold pieces
 33059 | Bazaar   | Bought a scroll of identify for 24 gold pieces
 33060 | Bazaar   | Identified 2 scrolls of acquirement
 33920 | Orc:2    | Reached skill level 14 in Stealth
 35286 | Orc:1    | Found Ruischuwe's Jewellery Shoppe.
 36123 | Orc:2    | Found Ikub's Jewellery Emporium.
 36123 | Orc:2    | Found Gichyar's Assorted Antiques.
 36125 | Orc:2    | Found Digac's Magic Scroll Emporium.
 36125 | Orc:2    | Found Tyhyemp's Distillery.
 36252 | Orc:2    | Bought a glowing blue potion for 32 gold pieces
 36252 | Orc:2    | Bought a scroll of identify for 72 gold pieces
 36257 | Orc:2    | Bought the amulet "Erazuew" {Reflect rF++ Str+5 SH+6} for 1020 gold pieces
 36262 | Orc:2    | Bought a scroll of identify for 30 gold pieces
 36270 | Orc:2    | Learned a level 2 spell: Repel Missiles
 36332 | Orc:1    | Bought an uncursed ring of poison resistance for 260 gold pieces
 37600 | D:12     | Received a gift from Okawaru
 37994 | D:12     | Noticed Frances
 37997 | D:12     | Noticed Josephine
 38056 | D:12     | Killed Frances
 38056 | D:12     | Received a gift from Okawaru
 38106 | D:12     | Killed Josephine
 38129 | D:12     | Received a gift from Okawaru
 38566 | D:12     | Noticed Azrael
 39069 | D:12     | Got a pair of bloodstained boots
 39080 | D:12     | Identified the +0 pair of boots of the Realms {rF- rC+ MR+ Str+4} (You acquired it on level 12 of the Dungeon)
 39149 | D:12     | Gained mutation: You passively map a small area around you. [potion of beneficial mutation]
 39433 | D:12     | Reached XP level 16. HP: 114/114 MP: 16/16
 40347 | D:13     | Received a gift from Okawaru
 40568 | D:14     | Received a gift from Okawaru
 40627 | D:14     | Noticed Agnes
 40631 | D:14     | Found a gate to the Vaults.
 40918 | D:14     | Found Iteep's Book Shoppe.
 41124 | D:14     | Reached skill level 15 in Stealth
 41774 | D:14     | Killed Agnes
 41957 | D:14     | Found Yzugops's Assorted Antiques.
 41961 | D:14     | Bought a forked bronze wand for 104 gold pieces
 41961 | D:14     | Bought a scroll of enchant weapon for 195 gold pieces
 42012 | D:15     | Entered Level 15 of the Dungeon
 42437 | D:15     | Found Pec Gangi's Gadget Shop.
 42660 | D:15     | Received a gift from Okawaru
 42843 | D:15     | Received a gift from Okawaru
 42937 | D:15     | Found a staircase to the Depths.
 42998 | D:15     | Noticed Urug
 43032 | D:15     | Killed Urug
 43663 | Spider:1 | Entered Level 1 of the Spider Nest
 44604 | Spider:1 | Noticed Aizul
 44774 | Spider:1 | Killed Aizul
 45181 | Spider:1 | Received a gift from Okawaru
 45181 | Spider:1 | Reached skill level 16 in Stealth
 45395 | Spider:1 | Noticed Louise
 45412 | Spider:1 | Killed Louise
 45426 | Spider:1 | Reached XP level 17. HP: 88/121 MP: 17/17
 45489 | Spider:1 | Received a gift from Okawaru
 45852 | Spider:1 | Reached skill level 15 in Dodging
 47522 | Spider:2 | HP: 5/121 [wolf spider (18)]
 47522 | Spider:2 | Slain by a wolf spider

Skill      XL: |  1  2  3  4  5  6  7  8  9 10 11 12 13 14 15 16 17 |
---------------+----------------------------------------------------+-----
Short Blades   | 3 4 5 6 7 8 10 12 13 14 | 14.1
Throwing       | 3 4 5 6 8 10 12 13 | 13.5
Fighting       | 3 4 6 7 9 11 12 | 12.5
Dodging        | 3 5 7 8 9 11 12 13 14 15 | 15.3
Stealth        | 5 7 9 10 13 14 16 | 16.5
Shields        | 2 5 |  5.7

Action                   |  1- 3 |  4- 6 |  7- 9 | 10-12 | 13-15 | 16-18 || total
-------------------------+-------+-------+-------+-------+-------+-------++-------
Melee: Dagger            |    72 |   145 |   460 |  1091 |  2173 |  1452 ||  5393
       Short sword       |       |       |       |   226 |  1226 |       ||  1452
       Rapier            |       |       |       |       |       |    28 ||    28
       Quick blade       |       |       |       |       |       |    27 ||    27
 Fire: Blowgun           |       |    12 |    33 |    69 |    45 |    20 ||   179
Throw: Tomahawk          |       |       |       |     5 |     3 |     9 ||    17
       Throwing net      |       |       |       |       |       |     3 ||     3
Invok: Heroism           |       |       |       |       |     1 |       ||     1
  Use: Potion            |       |     1 |     1 |    11 |     7 |     3 ||    23
       Scroll            |       |       |    15 |    16 |    27 |     4 ||    62
 Stab: Sleeping          |     9 |    12 |    20 |    39 |    71 |    38 ||   189
       Distracted        |     1 |       |     2 |     2 |    27 |     5 ||    37
       Invisible         |       |     1 |       |       |       |       ||     1
       Held in net/web   |       |       |       |       |       |     1 ||     1
  Eat: Chunk             |     1 |     4 |    15 |    32 |    50 |    24 ||   126
       Meat ration       |       |     1 |     1 |       |       |       ||     2
       Beef jerky        |       |       |     1 |       |     2 |     1 ||     4
       Pizza             |       |       |       |     1 |     1 |     1 ||     3
       Royal jelly       |       |       |       |     1 |     1 |       ||     2
       Fruit             |       |       |       |     1 |       |     1 ||     2
       Bread ration      |       |       |       |     1 |       |       ||     1
Armor: Robe              |     6 |    18 |    54 |    55 |   102 |    59 ||   294
       Skin              |       |       |       |    94 |       |       ||    94
Dodge: Dodged            |    32 |    71 |   227 |   564 |  1225 |   801 ||  2920
Block: Buckler           |       |       |       |   279 |  1740 |   921 ||  2940
       Reflection        |       |       |       |       |    26 |    16 ||    42
